 Dungeon Crawl Stone Soup version 0.29-a0-275-g389c0b56f3 (webtiles) character file.

Game seed: 16561583203000270702

1108 pcat the Magician (level 8, -1/48 HPs)
             Began as a Deep Elf Conjurer on Mar 10, 2022.
             Slain by an ogre
             ... wielding a +0 giant club
              (35 damage)
             ... on level 6 of the Dungeon.
             The game lasted 00:09:17 (5939 turns).

pcat the Magician (Deep Elf Conjurer)               Turns: 5939, Time: 00:09:18

Health: -1/48      AC:  6    Str:  4    XL:     8   Next: 11%
Magic:  12/20      EV: 12    Int: 26    God:
Gold:   168        SH:  0    Dex: 13    Spells: 16/21 levels left

rFire   . . .      SeeInvis .   i - +2 whip (venom)
rCold   . . .      Faith    .   (no shield)
rNeg    . . .      Spirit   .   a - +0 robe
rPois   .          Reflect  .   r - +1 helmet
rElec   .          Harm     .   t - +0 cloak
rCorr   .          Rampage  .   g - +0 pair of gloves
Will    .....                   (no boots)
Stlth   ++........              (no amulet)
HPRegen 0.16/turn               v - +4 ring of slaying
MPRegen 0.17/turn               (no ring)

@: no status effects
A: no striking features
a: no special abilities


You were on level 6 of the Dungeon.
You visited 1 branch of the dungeon, and saw 6 of its levels.

You collected 168 gold pieces.

Inventory:

Hand Weapons
 i - a +2 whip of venom (weapon)
Missiles
 h - 279 stones
Armour
 a - a +0 robe (worn)
 g - a +0 pair of gloves (worn)
 r - a +1 helmet (worn)
 t - a +0 cloak (worn)
Jewellery
 v - a +4 ring of slaying (left hand)
Wands
 b - a wand of digging (2)
Scrolls
 d - a scroll of silence {unknown}
 e - a scroll of noise {unknown}
 n - a scroll of blinking
 o - 3 scrolls of identify
 p - a scroll of magic mapping {unknown}
 q - a scroll of fog
 s - a scroll of holy word {unknown}
 u - a scroll of fear {unknown}
Potions
 c - 5 potions of mutation
 f - 4 potions of brilliance {unknown}
 j - 4 potions of haste {unknown}
 k - 3 potions of invisibility
 l - 2 potions of berserk rage
 m - 2 potions of curing
 w - 2 potions of might {unknown}


   Skills:
 + Level 4.0 Fighting
 - Level 2.4 Dodging
 - Level 2.4 Stealth
 + Level 7.1 Spellcasting
 + Level 7.0 Conjurations
 + Level 3.9 Translocations


You had 16 spell levels left.
You knew the following spells:

 Your Spells              Type           Power      Damage    Failure   Level
a - Magic Dart            Conj           100%       1d8       1%          1
b - Iskenderun's Mystic   Conj/Tloc      38%        2d9       6%          4

Your spell library contained the following spells:

 Spells                   Type           Power      Damage    Failure   Level
 Foxfire                  Conj/Fire      100%       2x1d9     1%          1
 Searing Ray              Conj           92%        2d7       1%          2
 Conjure Flame            Conj/Fire      27%        6-21      4%          3
 Dazzling Flash           Conj/Hex       54%        N/A       4%          3
 Corpse Rot               Necr/Air       18%        N/A       10%         2
 Flame Wave               Conj/Fire      27%        2d7       14%         4
 Fulminant Prism          Conj/Hex       13%        3d9       14%         4
 Sticky Flame             Conj/Fire      27%        2d5       14%         4
 Ignite Poison            Fire/Tmut/Pois 9%         N/A       19%         3
 Inner Flame              Hex/Fire       9%         N/A       19%         3
 Dispel Undead            Necr           9%         3d8       52%         4
 Summon Lightning Spire   Summ/Air       9%         N/A       52%         4
 Death Channel            Necr           4%         N/A       100%        6
 Storm Form               Tmut/Air       4%         N/A       100%        7
 Maxwell's Capacitive Co  Air            4%         ∞         100%        8


Dungeon Overview and Level Annotations

Branches:
Dungeon (6/15)
 Temple: D:4-7

Altars:


Message History

Things that are here:
a +4 vorpal flail; a +2 ring mail of cold resistance You see here a +0 giant club.
Found a war axe.
HP restored.
w - 2 glowing white potions You can't see any susceptible monsters within range! (Use Z to cast anyway.)
Things that are here:
a +4 vorpal flail; a +2 ring mail of cold resistance You see here a +0 long sword.
An ogre and an adder come into view.
The adder hisses angrily.
The ogre hits you with a +0 giant club!
An ice beast comes into view.
Found a ring mail, 6 poisoned darts, a book of Dreams and a scale mail.
The adder bites you but does no damage. x2
The ogre misses you.
Casting: Iskenderun's Mystic Blast (dangerous; 6% risk of failure)
Confirm with . or Enter, or press ? or * to list all spells.
You erupt in a blast of force!
The mystic blast hits the ogre!
The ogre is heavily wounded.
The ogre is knocked back by the mystic blast.
The ogre slams into the rock wall!
The ogre is heavily wounded.
The mystic blast hits the adder!
The adder is severely wounded.
The adder is knocked back by the mystic blast.
Casting: Iskenderun's Mystic Blast (dangerous; 6% risk of failure)
Confirm with . or Enter, or press ? or * to list all spells.
You erupt in a blast of force!
The mystic blast hits the adder.
You kill the adder!
The mystic blast hits the ogre.
The ogre is severely wounded.
The ogre is knocked back by the mystic blast.
The ogre slams into the rock wall!
The ogre is almost dead.
You hear a bark!
The ogre hits you with a +0 giant club!!
Ouch! That really hurt!
You die...

#..## #..)#
#...####..##
##..##...###
#.........#
##.........
#......... ##
#.........
##O##
#....)....
##.#@##
#.........
##.#.#.#
##.......#
##.#.#.#.#
##......#
##.#.##..#.#
##.....#
##.#.##[.#.##
##.......
##.#.##.(#.##
##........
##.#.##.#: #
##.#.......
##.#.##.#.[
##.#.###....
#.#.##Y# .#
##.#.##.#....


You could see an ogre.

Vanquished Creatures
  Sigmund (D:3)
  Edmund (D:6)
  An ice beast (D:5)
  2 ogres
  A centaur (D:5)
  A phantom (D:6)
  A necrophage (D:5)
  A scorpion (D:5)
  A howler monkey (D:4)
  A jelly (D:3)
  Natasha (thrice) (D:4)
  An orc wizard (D:5)
  4 adders
  4 gnolls
  3 dart slugs
  13 orcs
  3 endoplasms
  3 giant cockroaches (D:2)
  6 goblins
  2 hobgoblins
  9 jackals
  4 quokkas
  7 ball pythons
  5 bats
  4 frilled lizards
  6 kobolds
  2 rats (D:2)
90 creatures vanquished.

Notes
Turn   | Place    | Note
-------+----------+-------------------------------------------
     0 | D:1      | pcat the Deep Elf Conjurer began the quest for the Orb.
     0 | D:1      | Reached XP level 1. HP: 10/10 MP: 6/6
   211 | D:1      | Reached XP level 2. HP: 16/16 MP: 6/8
   524 | D:1      | Found a faded altar of an unknown god.
   769 | D:1      | Reached skill level 1 in Fighting
  1144 | D:2      | Reached XP level 3. HP: 15/20 MP: 1/10
  2220 | D:3      | Reached skill level 5 in Conjurations
  2284 | D:3      | Noticed Sigmund
  2578 | D:3      | Killed Sigmund
  2579 | D:3      | Reached skill level 5 in Spellcasting
  2579 | D:3      | Reached XP level 4. HP: 23/27 MP: 5/13
  2579 | D:3      | Reached XP level 5. HP: 27/31 MP: 5/14
  2892 | D:3      | Learned a level 4 spell: Iskenderun's Mystic Blast
  3506 | D:4      | Noticed Natasha
  3529 | D:4      | Killed Natasha
  3530 | D:4      | Reached skill level 1 in Translocations
  3530 | D:4      | Reached XP level 6. HP: 36/36 MP: 11/16
  3940 | D:4      | Noticed Natasha
  3948 | D:4      | Killed Natasha
  4106 | D:4      | Found a sand-covered staircase.
  4444 | D:5      | Entered Level 5 of the Dungeon
  4553 | D:5      | Reached XP level 7. HP: 41/41 MP: 7/18
  4872 | D:4      | Noticed Natasha
  5070 | D:4      | Killed Natasha
  5737 | D:6      | Noticed Edmund
  5751 | D:6      | Killed Edmund
  5752 | D:6      | Reached XP level 8. HP: 34/48 MP: 12/20
  5939 | D:6      | Slain by an ogre

Illustrated notes

Levels and vault maps discovered:
D:1:      onia_arrival_mini_spirals, layout_loops_cross,
          shapermc_ecumenical_altar_ellora, minmay_misc_feat_tower
D:2:      layout_basic, kennysheep_generic_room_11
D:3:      layout_loops_corners, uniq_sigmund
D:4:      layout_rooms, nicolae_ossuary_entry_false_entrances, uniq_natasha
D:5:      layout_basic, grunt_decor_cap
D:6:      minmay_inner_zag, layout_cave_pods, uniq_edmund, uniq_duvessa

Skill      XL: |  1  2  3  4  5  6  7 |
---------------+----------------------+-----
Fighting       | 1 2 3 4 |  4.0
Spellcasting   | 5 6 7 |  7.1
Conjurations   | 5 6 7 |  7.0
Translocations | 1 2 3 |  3.9
Dodging        | |  2.4
Stealth        | |  2.4

Action                   |  1- 3 |  4- 6 |  7- 9 || total
-------------------------+-------+-------+-------++-------
Melee: Club              |    17 |       |     3 ||    20
 Cast: Magic Dart        |    89 |    99 |    42 ||   230
       Iskenderun's Myst |       |     5 |    16 ||    21
  Use: Scroll            |     8 |       |     2 ||    10
       Potion            |       |       |     2 ||     2
 Stab: Sleeping          |     1 |       |       ||     1
Armor: Robe              |    16 |     3 |     8 ||    27
Dodge: Dodged            |    27 |     9 |    13 ||    49

Table legend: (Time is in decaauts)
 A = Elapsed time spent in this place.
 B = Non-inter-level travel time spent in this place.
 C = Inter-level travel time spent in this place.
 D = Time resting spent in this place.
 E = Time spent auto-exploring this place.
 F = Levels seen in this place.
 G = Mean time per level.
                   A        B        C        D        E       F      G
               +--------+--------+--------+--------+--------+-----+--------+
         Total |   5958 |   5668 |    290 |    819 |   4012 |   6 |  993.0 |
       Dungeon |   5958 |   5668 |    290 |    819 |   4012 |   6 |  993.0 |
               +--------+--------+--------+--------+--------+-----+--------+

Top non-repeatable levels by time:
     D:2: 1527 daAuts
     D:3: 1187 daAuts
     D:5: 975 daAuts
     D:4: 885 daAuts
     D:1: 879 daAuts
     D:6: 502 daAuts
